 Dungeon Sprint DCSS version 0.26-a0-665-gefeb406119 (webtiles) character file.

Game seed: 11030230197757631238

3539 sahdkjhfkaj the Unseen (level 9, -5/39 HPs)
             Began as a Spriggan Enchanter on Oct 14, 2020.
             Was an Initiate of Gozag.
             Slain by a dream sheep (11 damage)
             ... in the Dungeon (Sprint VII: "The Pits").
             The game lasted 00:05:06 (6988 turns).

sahdkjhfkaj the Unseen (Spriggan Enchanter)         Turns: 6988, Time: 00:05:06

Health: -5/39      AC:  3    Str:  4    XL:     9   Next: 82%
Magic:  12/24      EV: 18    Int: 17    God:    Gozag
Gold:   2646       SH:  0    Dex: 19    Spells: 23/29 levels left

rFire    . . .     SeeInvis +   a - +1 dagger (venom)
rCold    . . .     Faith    .   (shield restricted)
rNeg     . . .     Spirit   .   b - +0 robe
rPois    .         Reflect  .   (helmet restricted)
rElec    .         Harm     .   u - +0 cloak
rCorr    .         Rampage  .   (gloves unavailable)
MR       +....     NoTele   +   (boots unavailable)
Stlth    ++++++++..             (no amulet)
HPRegen  0.13/turn              (no ring)
MPRegen  0.19/turn              (no ring)

@: confusing touch, gold aura, very quick
A: very small, unfitting armour, see invisible, speed 3
a: Potion Petition, Call Merchant, Bribe Branch, Renounce Religion


You were in the Dungeon.
You worshipped Gozag.
Gozag was most pleased with you.
You visited 1 branch You collected 2646 gold pieces.

Inventory:

Hand Weapons
 a - a +1 dagger of venom (weapon)
Missiles
 p - a throwing net (quivered)
Armour
 b - a +0 robe (worn)
 u - a +0 cloak (worn)
Jewellery
 q - a +3 ring of intelligence
 r - a +3 ring of intelligence
Wands
 n - a wand of flame (22)
Scrolls
 j - 3 scrolls of remove curse
 k - 5 scrolls of amnesia
 m - 2 scrolls of vulnerability
Potions
 c - 2 potions of invisibility
 d - 6 potions of curing
 e - 5 potions of heal wounds
 f - a potion of haste
 g - 4 potions of magic
 h - 4 potions of berserk rage
 o - a potion of mutation {unknown}
 s - 4 potions of brilliance
 t - a potion of might


   Skills:
 + Level 9.7 Short Blades
 - Level 3.0 Dodging
 + Level 20.9 Stealth
 + Level 10.8 Spellcasting
 * Level 14.5 Hexes


You had 23 spell levels left.
You knew the following spells:

 Your Spells              Type           Power        Failure   Level
a - Corona                Hex            ######.      1%          1
b - Ensorcelled Hibernat  Hex/Ice        ####..       1%          2
T - Confusing Touch       Hex            ######..     1%          3

Your spell library contained the following spells:

 Spells                   Type           Power        Failure   Level
 Dazzling Flash           Conj/Hex       ####..       1%          3
 Tukima's Dance           Hex            ######..     1%          3


Dungeon Overview and Level Annotations

Branches:
Dungeon (1/1)

Altars:
Ashenzari
Cheibriados
Dithmenos
Elyvilon
Fedhas
Gozag
Hepliaklqana
Kikubaaqudgha
Makhleb
Nemelex Xobeh
Okawaru
Qazlal
Ru
Sif Muna
Trog
Uskayaw
Vehumet
Wu Jian
Xom
Yredelemnul
Zin
The Shining One
Beogh
Jiyva
Lugonu


Innate Abilities, Weirdness & Mutations

You are very small and have problems with some larger weapons.
You are too small for most types of armour.
You have supernaturally acute eyesight. (SInv)
You cover ground extremely quickly.


Message History

Press: ? - help, Shift-Dir - straight line, f/p - dream sheep
Aim: a dream sheep (chance to defeat MR: 52%)
The dream sheep looks drowsy...
Unknown command.
The helpless dream sheep fails to defend itself.
You perforate the dream sheep like a sieve!!!!!
You kill the dream sheep!
Casting: Ensorcelled Hibernation (safe; 1% risk of failure)
Confirm with . or Enter, or press ? or * to list all spells.
Your hands begin to glow red.
The dream sheep bleats!
The dream sheep shake their wool and sparkle.
You feel drowsy...
You fall asleep.
The dream sheep bites you but does no damage.
The dream sheep bites you!!
You wake up.
Ouch! That really hurt!
* * * LOW HITPOINT WARNING * * *
The dream sheep bites you!
You die...
Your body crumbles into a pile of gold.

______.# ______.#
____...###########++######
######'##................#
.')))'.##......#..#......#
######.##................+
........'.)..............+
###)#####......#.Y#......#
[#.....##.......@Y.......#
)#####'#####)#####''######
)#.....##.......##''#####
)#.....##.......##......#
.###'####.......##Y.....#
'#.....##...<...###....##
.......##.......# ##''##
.......##.......###...Y##
#########.......##......#


You could see 2 dream sheep.

Vanquished Creatures
  Harold (D)
  A deep elf mage (D)
  An efreet (D)
  A demonic crawler (D)
  2 dream sheep (D)
  A spriggan (D)
  A redback (D)
  Sigmund (D)
  2 yaks (D)
  A basilisk (D)
  A water moccasin (D)
  A floating eye (D)
  An ice beast (D)
  3 wights (D)
  A quasit (D)
  A jelly (D)
  Terence (D)
  A mummy (D)
  A gnoll (D)
  A river rat (D)
  2 worms (D)
  An orc (D)
  A bat (D)
  A bat skeleton (D)
  A hobgoblin (D)
  4 rats (D)
34 creatures vanquished.

Vanquished Creatures (collateral kills)
  3 yaks (D)
3 creatures vanquished.

Grand Total: 37 creatures vanquished

Notes
Turn   | Place    | Note
-------+----------+-------------------------------------------
     0 | D        | sahdkjhfkaj the Spriggan Enchanter began the quest for the
                  | Orb.
     0 | D        | Reached XP level 1. HP: 9/9 MP: 5/5
    11 | D        | Noticed a floating eye
    17 | D        | Paralysed by a floating eye for 3 turns
    24 | D        | Paralysed by a floating eye for 2 turns
    31 | D        | Paralysed by a floating eye for 2 turns
    36 | D        | Killed a floating eye
    36 | D        | Reached skill level 13 in Stealth
    36 | D        | Reached XP level 2. HP: 13/13 MP: 6/6
    36 | D        | Reached XP level 3. HP: 16/16 MP: 8/8
    36 | D        | Reached XP level 4. HP: 21/21 MP: 9/9
    40 | D        | Found a bloodstained altar of Trog.
    40 | D        | Found a shimmering blue altar of Sif Muna.
    40 | D        | Found a viscous altar of Jiyva.
    40 | D        | Found a hazy altar of Hepliaklqana.
    40 | D        | Found an opulent altar of Gozag.
    41 | D        | Found a glowing golden altar of the Shining One.
    41 | D        | Found a glowing silver altar of Zin.
    41 | D        | Found a basalt altar of Yredelemnul.
    41 | D        | Found a shimmering altar of Xom.
    41 | D        | Found an ornate altar of the Wu Jian Council.
    41 | D        | Found a sacrificial altar of Ru.
    41 | D        | Found a stormy altar of Qazlal.
    41 | D        | Found an iron altar of Okawaru.
    41 | D        | Found a sparkling altar of Nemelex Xobeh.
    41 | D        | Found a burning altar of Makhleb.
    41 | D        | Found a blossoming altar of Fedhas.
    41 | D        | Found a white marble altar of Elyvilon.
    41 | D        | Found a shadowy altar of Dithmenos.
    41 | D        | Found a snail-covered altar of Cheibriados.
    45 | D        | Found a roughly hewn altar of Beogh.
    45 | D        | Found a corrupted altar of Lugonu.
    45 | D        | Found a radiant altar of Vehumet.
    46 | D        | Found a broken altar of Ashenzari.
    46 | D        | Found an ancient bone altar of Kikubaaqudgha.
    46 | D        | Found a hide-covered altar of Uskayaw.
    50 | D        | Became a worshipper of Gozag Ym Sagoz the Greedy
    92 | D        | Learned a level 2 spell: Ensorcelled Hibernation
    96 | D        | Learned a level 3 spell: Confusing Touch
    99 | D        | Reached skill level 14 in Stealth
   289 | D        | Reached skill level 16 in Stealth
   289 | D        | Reached XP level 5. HP: 24/24 MP: 10/10
   295 | D        | Noticed Sigmund
   297 | D        | Killed Sigmund
   297 | D        | Reached skill level 17 in Stealth
   297 | D        | Reached skill level 18 in Stealth
   297 | D        | Reached skill level 5 in Hexes
   297 | D        | Reached XP level 6. HP: 28/28 MP: 10/13
   305 | D        | Reached skill level 5 in Spellcasting
   306 | D        | Noticed a water moccasin
   308 | D        | Killed a water moccasin
   308 | D        | Reached XP level 7. HP: 32/32 MP: 11/16
   353 | D        | Noticed a demonic crawler
   355 | D        | Killed a demonic crawler
   355 | D        | Reached skill level 5 in Short Blades
   355 | D        | Reached skill level 19 in Stealth
   374 | D        | Noticed a deep elf mage
   390 | D        | Killed a deep elf mage
   390 | D        | Reached skill level 10 in Hexes
   390 | D        | Reached XP level 8. HP: 30/36 MP: 3/20
   813 | D        | Noticed Harold
   842 | D        | Killed Harold
   842 | D        | Reached skill level 20 in Stealth
   842 | D        | Reached XP level 9. HP: 23/39 MP: 4/23
  1100 | D        | Noticed Terence
  1124 | D        | Killed Terence
  1205 | D        | Noticed an efreet
  1631 | D        | Killed an efreet
  1631 | D        | Reached skill level 10 in Spellcasting
  6988 | D        | Slain by a dream sheep

Illustrated notes

Levels and vault maps discovered:
D:        pitsprint [storerooms_1, entrance_room_1, metal_vault_2, armoury_2,
          mini_pit_1, grid_room_1, main_hall_1, silver_pit, the_coven_1,
          the_vestibule_1, steel_vault_4, golden_pit, hallway_of_sentries,
          crystal_vault_5, iron_vault_1, final_vault]

Skill      XL: |  1  2  3  4  5  6  7  8  9 |
---------------+----------------------------+-----
Stealth        | 13 16 18 19 20 | 20.9
Short Blades   | 2 4 6 8 9 |  9.7
Spellcasting   | 4 5 7 9 10 | 10.8
Hexes          | 5 8 10 12 14 | 14.5
Dodging        | |  3.0

Action                   |  1- 3 |  4- 6 |  7- 9 || total
-------------------------+-------+-------+-------++-------
Melee: Dagger            |    17 |    18 |    36 ||    71
 Cast: Ensorcelled Hiber |       |     1 |    33 ||    34
       Confusing Touch   |       |       |     3 ||     3
  Use: Potion            |       |       |     4 ||     4
       Scroll            |       |       |     2 ||     2
 Stab: Sleeping          |       |    15 |    14 ||    29
       Confused          |       |       |     2 ||     2
Armor: Robe              |       |       |     1 ||     1
Dodge: Dodged            |       |     2 |    28 ||    30

Table legend: (Time is in decaauts)
 A = Elapsed time spent in this place.
 B = Non-inter-level travel time spent in this place.
 C = Inter-level travel time spent in this place.
 D = Time resting spent in this place.
 E = Time spent auto-exploring this place.
 F = Levels seen in this place.
 G = Mean time per level.
                   A        B        C        D        E       F      G
               +--------+--------+--------+--------+--------+-----+--------+
         Total |   6801 |   6749 |     52 |   6357 |      0 |   1 | 6801.0 |
       Dungeon |   6801 |   6749 |     52 |   6357 |      0 |   1 | 6801.0 |
               +--------+--------+--------+--------+--------+-----+--------+

Top non-repeatable levels by time:
       D: 6801 daAuts
